 Dungeon Crawl Stone Soup version 0.24.0-123-gd5b16e6ec5 (webtiles) character file.

Game seed: 8284075544248645023, levelgen mode: deterministic

2030 DungeonDestroyer the Shield-Bearer (level 9, -1/73 HPs)
             Began as a Gnoll Fighter on Jan 23, 2020.
             Was a Priest of Okawaru.
             Killed from afar by an orc wizard (6 damage)
             ... with a puff of frost
             ... on level 7 of the Dungeon.
             The game lasted 00:12:32 (6031 turns).

DungeonDestroyer the Shield-Bearer (Gnoll Fighter)  Turns: 6031, Time: 00:12:32

Health: -1/73      AC: 12    Str: 20    XL:     9   Next: 23%
Magic:  14/15      EV:  8    Int: 11    God:    Okawaru [***...]
Gold:   333        SH: 12    Dex: 16    Spells: 16/16 levels left

rFire    . . .     SeeInvis +   a - +1 long sword
rCold    . . .     Gourm    .   h - +1 shield
rNeg     . . .     Faith    .   o - +0 chain mail
rPois    .         Spirit   .   (no helmet)
rElec    .         Reflect  .   x - scarf {cloud immunity}
rCorr    .         Harm     .   (no gloves)
MR       .....                  (no boots)
Stlth    +.........             (no amulet)
HPRegen  0.22/turn              j - ring of stealth
MPRegen  0.14/turn              g - ring of see invisible

@: no status effects
A: distributed training, fangs 1, molten scales 1, subdued magic 1, strong nose
a: Heroism, Renounce Religion


You were on level 7 of the Dungeon.
You worshipped Okawaru.
Okawaru was most pleased with you.
You were not hungry.

You visited 2 branches of the dungeon, and saw 8 of its levels.

You collected 333 gold pieces.

Inventory:

Hand Weapons
 a - a +1 long sword (weapon)
 b - a +0 flail
Missiles
 c - 85 sling bullets
 e - 188 stones (quivered)
 i - 87 bolts
 n - 11 poisoned darts
 p - 195 arrows
Armour
 h - a +1 shield (worn)
 o - a +0 chain mail (worn)
 x - a scarf of cloud immunity (worn)
Jewellery
 g - a ring of see invisible (right hand)
 j - a ring of stealth (left hand)
 u - an uncursed ring of flight
Wands
 r - a wand of clouds (3)
 y - a wand of iceblast (7)
Scrolls
 v - a scroll of identify
Potions
 d - a potion of might
 l - 2 potions of brilliance
 m - a potion of ambrosia
 s - 2 potions of heal wounds
 t - 2 potions of curing
 w - 3 potions of flight
Comestibles
 f - 16 rations


   Skills:
 + Level 7.7 Fighting
 + Level 4.0 Short Blades
 + Level 6.1 Long Blades
 + Level 4.0 Axes
 + Level 4.0 Maces & Flails
 + Level 4.0 Polearms
 + Level 4.0 Staves
 + Level 4.0 Slings
 + Level 4.0 Bows
 + Level 4.0 Crossbows
 + Level 4.0 Throwing
 + Level 7.7 Armour
 + Level 4.0 Dodging
 + Level 4.0 Stealth
 + Level 7.7 Shields
 + Level 4.0 Unarmed Combat
 + Level 4.0 Spellcasting
 + Level 3.2 Conjurations
 + Level 3.2 Hexes
 + Level 3.2 Charms
 + Level 3.2 Summonings
 + Level 3.2 Necromancy
 + Level 3.2 Translocations
 + Level 3.2 Transmutations
 + Level 3.2 Fire Magic
 + Level 3.2 Ice Magic
 + Level 3.2 Air Magic
 + Level 3.2 Earth Magic
 + Level 3.2 Poison Magic
 + Level 4.3 Invocations
 + Level 4.0 Evocations


You had 16 spell levels left.
You didn't know any spells.
Your spell library contained the following spells:

 Spells                   Type           Power        Failure   Level  Hunger
 Magic Dart               Conj           #...         75%         1    #......
 Blink                    Tloc           N/A          87%         2    ##.....
 Call Imp                 Summ           #.......     87%         2    ##.....
 Slow                     Hex            #.......     87%         2    ##.....
 Conjure Flame            Conj/Fire      #.......     98%         3    ###....
 Mephitic Cloud           Conj/Pois/Air  #.......     98%         3    ###....


Dungeon Overview and Level Annotations

Branches:
Dungeon (7/15)             Temple (1/1) D:4

Altars:
Cheibriados
Dithmenos
Elyvilon
Fedhas
Gozag
Hepliaklqana
Kikubaaqudgha
Nemelex Xobeh
Okawaru
Qazlal
Ru
Sif Muna
Trog
Uskayaw
Vehumet
Wu Jian
Yredelemnul
Zin
The Shining One


Innate Abilities, Weirdness & Mutations

Your experience applies equally to all skills.
You have very sharp teeth.
Your uncanny sense of smell can sniff out nearby items.
You are partially covered in molten scales. (AC +2)
Your spells are a little easier to cast, but a little less powerful.


Message History

Your Stealth skill increases to level 4!
Your Unarmed Combat skill increases to level 4!
Your Spellcasting skill increases to level 4!
Your Evocations skill increases to level 4!
The hippogriff bites you but does no damage.
The hippogriff barely misses you. You block the hippogriff's attack.
The giant cockroach bites you but does no damage.
The orc wizard closely misses you. The hippogriff bites you.
* * * LOW HITPOINT WARNING * * *
The hippogriff pecks you.
* * * LOW HITPOINT WARNING * * *
The hippogriff claws you.
* * * LOW HITPOINT WARNING * * *
The giant cockroach bites you but does no damage.
The hound zombie closely misses you.
Unknown command.
You barely miss the hound zombie. The hound zombie closely misses you.
The orc wizard casts a spell at you. The puff of frost hits you.
You die...

... ..........
..... .........
.... .........
#.. .........
#..# #........ .
##..##........
...#.............
......HsZ5....#
...##o@##..###
#..# ....# #..##
>..## .... ..##
..#.. ... .?.###.
.... ... ## .##.
.#


You could see a hippogriff, an orc wizard, a crimson imp, a hound zombie and a
giant cockroach.

Vanquished Creatures
  A water moccasin (D:5)
  An orc warrior (D:7)
  An ice beast (D:6)
  A phantom (D:6)
  2 ogres
  3 centaurs (D:6)
  2 bullfrogs
  A howler monkey (D:5)
  2 crimson imps
  A centaur zombie (D:5)
  4 hounds
  A jelly (D:6)
  2 orc priests (D:6)
  8 orc wizards
  Natasha (thrice) (D:3)
  2 iguanas
  7 worker ants
  7 gnolls
  6 adders
  2 shadow imps
  An adder skeleton (D:4)
  3 worms
  A dart slug (D:1)
  4 leopard geckos
  17 orcs
  A ball python (D:2)
  A bat (D:1)
  5 giant cockroaches
  10 goblins
  7 hobgoblins
  10 jackals
  6 kobolds
  2 quokkas
  7 frilled lizards
  A giant cockroach zombie (D:5)
  7 rats
140 creatures vanquished.

Notes
Turn   | Place    | Note
-------+----------+-------------------------------------------
     0 | D:1      | DungeonDestroyer the Gnoll Fighter began the quest for the
                  | Orb.
     0 | D:1      | Reached XP level 1. HP: 23/23 MP: 1/1
    85 | D:1      | Reached XP level 2. HP: 29/29 MP: 2/2
   320 | D:1      | Reached XP level 3. HP: 32/35 MP: 3/3
   666 | D:2      | Reached skill level 1 in Invocations
   871 | D:2      | Reached skill level 1 in Short Blades
   871 | D:2      | Reached skill level 1 in Axes
   871 | D:2      | Reached skill level 1 in Maces & Flails
   871 | D:2      | Reached skill level 1 in Polearms
   871 | D:2      | Reached skill level 1 in Staves
   871 | D:2      | Reached skill level 1 in Slings
   871 | D:2      | Reached skill level 1 in Bows
   871 | D:2      | Reached skill level 1 in Crossbows
   871 | D:2      | Reached skill level 1 in Throwing
   871 | D:2      | Reached skill level 1 in Dodging
   871 | D:2      | Reached skill level 1 in Stealth
   871 | D:2      | Reached skill level 1 in Unarmed Combat
   871 | D:2      | Reached skill level 1 in Spellcasting
   871 | D:2      | Reached skill level 1 in Evocations
   880 | D:2      | Found a shadowy altar of Dithmenos.
   882 | D:2      | Found a stormy altar of Qazlal.
   993 | D:2      | Reached XP level 4. HP: 41/41 MP: 5/5
  1581 | D:3      | Reached skill level 1 in Conjurations
  1581 | D:3      | Reached skill level 1 in Hexes
  1581 | D:3      | Reached skill level 1 in Charms
  1581 | D:3      | Reached skill level 1 in Summonings
  1581 | D:3      | Reached skill level 1 in Necromancy
  1581 | D:3      | Reached skill level 1 in Translocations
  1581 | D:3      | Reached skill level 1 in Transmutations
  1581 | D:3      | Reached skill level 1 in Fire Magic
  1581 | D:3      | Reached skill level 1 in Ice Magic
  1581 | D:3      | Reached skill level 1 in Air Magic
  1581 | D:3      | Reached skill level 1 in Earth Magic
  1581 | D:3      | Reached skill level 1 in Poison Magic
  1623 | D:3      | Noticed Natasha
  1633 | D:3      | Killed Natasha
  1633 | D:3      | Reached XP level 5. HP: 33/47 MP: 6/6
  1870 | D:3      | Noticed Natasha
  1901 | D:3      | Killed Natasha
  2409 | D:4      | Reached XP level 6. HP: 36/53 MP: 8/8
  2740 | D:4      | Found a staircase to the Ecumenical Temple.
  2751 | Temple   | Entered the Ecumenical Temple
  2832 | Temple   | Became a worshipper of Warmaster Okawaru
  2857 | D:4      | Reached skill level 5 in Long Blades
  3517 | D:3      | Noticed Natasha
  3526 | D:3      | Killed Natasha
  3588 | D:2      | Found a sacrificial altar of Ru.
  3654 | D:5      | Entered Level 5 of the Dungeon
  3668 | D:5      | Reached XP level 7. HP: 54/59 MP: 10/10
  3903 | D:5      | Reached * piety under Okawaru
  3954 | D:5      | Gained mutation: Your spells are a little easier to cast,
                  | but a little less powerful. [potion of mutation]
  3954 | D:5      | Gained mutation: You are partially covered in molten
                  | scales. (AC +2) [potion of mutation]
  4129 | D:5      | Found a hide-covered altar of Uskayaw.
  4140 | D:5      | Reached XP level 8. HP: 62/67 MP: 12/12
  4731 | D:6      | Reached ** piety under Okawaru
  5369 | D:6      | Reached XP level 9. HP: 49/72 MP: 14/14
  5706 | D:6      | Found an opulent altar of Gozag.
  5707 | D:6      | Found a white marble altar of Elyvilon.
  5957 | D:6      | Got a steaming short sword
  5958 | D:6      | Identified the cursed +2 short sword of Conflict {venom,
                  | Int+7} (You found it on level 6 of the Dungeon)
  6025 | D:7      | Reached *** piety under Okawaru
  6031 | D:7      | Killed from afar by an orc wizard

Levels and vault maps discovered:
D:1:      mrwooster_arrival_arrow, layout_basic
D:2:      layout_loops_ring, nicolae_overflow_hidden_temple, first_ration,
          hangedman_decor_growths
D:3:      layout_basic, uniq_natasha
D:4:      layout_loops_ring, minmay_temple_entry_hall
D:5:      layout_loops_ring, basic_altar, amethyst_killhole
D:6:      layout_basic, gammafunk_temple_overflow_statue
D:7:      layout_cave_pools, kennysheep_mini, led_sif_book
Temple:   zaba_magenta_temple

Skill      XL: |  1  2  3  4  5  6  7  8  9 |
---------------+----------------------------+-----
Invocations    | 1 2 3 4 |  4.3
Short Blades   | 1 2 3 4 |  4.0
Axes           | 1 2 3 4 |  4.0
Maces & Flails | 1 2 3 4 |  4.0
Polearms       | 1 2 3 4 |  4.0
Staves         | 1 2 3 4 |  4.0
Slings         | 1 2 3 4 |  4.0
Bows           | 1 2 3 4 |  4.0
Crossbows      | 1 2 3 4 |  4.0
Throwing       | 1 2 3 4 |  4.0
Dodging        | 1 2 3 4 |  4.0
Stealth        | 1 2 3 4 |  4.0
Unarmed Combat | 1 2 3 4 |  4.0
Spellcasting   | 1 2 3 4 |  4.0
Evocations     | 1 2 3 4 |  4.0
Conjurations   | 1 2 3 |  3.2
Hexes          | 1 2 3 |  3.2
Charms         | 1 2 3 |  3.2
Summonings     | 1 2 3 |  3.2
Necromancy     | 1 2 3 |  3.2
Translocations | 1 2 3 |  3.2
Transmutations | 1 2 3 |  3.2
Fire Magic     | 1 2 3 |  3.2
Ice Magic      | 1 2 3 |  3.2
Air Magic      | 1 2 3 |  3.2
Earth Magic    | 1 2 3 |  3.2
Poison Magic   | 1 2 3 |  3.2
Long Blades    | 5 6 |  6.1
Fighting       | 7 |  7.7
Armour         | 7 |  7.7
Shields        | 7 |  7.7

Action                   |  1- 3 |  4- 6 |  7- 9 || total
-------------------------+-------+-------+-------++-------
Melee: Long sword        |    86 |   158 |   324 ||   568
       Bite              |     6 |    21 |    49 ||    76
  Use: Scroll            |     4 |     7 |     3 ||    14
       Potion            |     1 |     3 |     3 ||     7
  Eat: Chunk             |       |     9 |     8 ||    17
Armor: Scale mail        |    47 |    50 |       ||    97
       Chain mail        |       |     2 |   141 ||   143
Dodge: Dodged            |    39 |    49 |   130 ||   218
Block: Shield            |    60 |    87 |   225 ||   372
       Rpst.: Long sword |    12 |    17 |    40 ||    69
